 Dungeon Crawl Stone Soup version 0.27-a0-346-ga689d4a613 (webtiles) character file.

Game seed: 13962600497830755583

3633 gruber the Covered (level 10, 0/77 HPs)
             Began as a Gnoll Wanderer on Feb 15, 2021.
             Was an Initiate of Gozag.
             Slain by Erica
             ... wielding a +3 scimitar of flaming
              (3 damage)
             ... on level 8 of the Dungeon.
             The game lasted 00:11:35 (11520 turns).

gruber the Covered (Gnoll Wanderer)                Turns: 11520, Time: 00:11:35

Health: 0/77       AC:  5    Str: 14    XL:     10   Next: 11%
Magic:  17/17      EV: 11    Int: 12    God:    Gozag
Gold:   524        SH:  0    Dex: 12    Spells: 19/19 levels left

rFire    . . .     SeeInvis .   t - +4 short sword (venom)
rCold    . . .     Faith    .   (no shield)
rNeg     . . .     Spirit   .   z - +0 scale mail {Will+}
rPois    .         Reflect  .   (no helmet)
rElec    .         Harm     .   H - +0 cloak
rCorr    .         Rampage  .   (no gloves)
Will     ++...                  (no boots)
Stlth    ++........             s - amulet of the acrobat
HPRegen  0.22/turn              q - ring of willpower
MPRegen  0.15/turn              (no ring)

@: corroded
A: distributed training, fangs 1, strong nose
a: Renounce Religion, Potion Petition, Call Merchant, Bribe Branch


You were on level 8 of the Dungeon.
You worshipped Gozag.
Gozag was pleased with you.
You visited 2 branches of the dungeon, and saw 9 of its levels.

You collected 928 gold pieces.
You paid 404 gold pieces to Gozag.

Inventory:

Hand Weapons
 a - a +2 hand crossbow
 t - a +4 short sword of venom (weapon)
 u - a +1 whip of flaming
 B - a +2 vorpal scimitar
Missiles
 b - 12 bolts
 c - 5 atropa-tipped darts
 y - 20 poisoned darts (quivered)
Armour
 z - a +0 scale mail of willpower (worn)
 H - a +0 cloak (worn)
Jewellery
 q - a ring of willpower (left hand)
 s - an amulet of the acrobat (around neck)
Wands
 v - a wand of acid (1)
 A - a wand of paralysis (6)
 F - a wand of iceblast (9)
Scrolls
 f - 3 scrolls of teleportation {unknown}
 g - 7 scrolls of identify {unknown}
 i - a scroll of fear {unknown}
 k - a scroll of enchant armour {unknown}
 m - 3 scrolls of fog {unknown}
 o - 2 scrolls of noise {unknown}
 p - a scroll of magic mapping {unknown}
 C - a scroll of amnesia {unknown}
 D - a scroll of immolation {unknown}
 E - 2 scrolls of blinking {unknown}
Potions
 d - 2 potions of curing
 e - 7 potions of degeneration {unknown}
 h - a potion of cancellation {unknown}
 j - 3 potions of might {unknown}
 l - 3 potions of heal wounds {unknown}
 n - a potion of mutation {unknown}
 r - a potion of brilliance {unknown}
 w - 2 potions of lignification {unknown}
 x - 3 potions of flight {unknown}
 G - a potion of attraction {unknown}


   Skills:
 + Level 6.8 Fighting
 + Level 5.0 Short Blades
 + Level 5.0 Long Blades
 + Level 5.0 Axes
 + Level 5.0 Maces & Flails
 + Level 5.0 Polearms
 + Level 5.0 Staves
 + Level 5.0 Slings
 + Level 6.8 Bows
 + Level 6.8 Crossbows
 + Level 5.0 Throwing
 + Level 6.8 Armour
 + Level 5.0 Dodging
 + Level 5.5 Stealth
 + Level 5.0 Shields
 + Level 5.0 Unarmed Combat
 + Level 5.0 Spellcasting
 + Level 4.1 Conjurations
 + Level 4.1 Hexes
 + Level 4.1 Summonings
 + Level 4.1 Necromancy
 + Level 4.1 Translocations
 + Level 4.1 Transmutations
 + Level 4.1 Fire Magic
 + Level 4.1 Ice Magic
 + Level 4.1 Air Magic
 + Level 4.1 Earth Magic
 + Level 4.1 Poison Magic
 + Level 5.4 Invocations
 + Level 5.6 Evocations


You had 19 spell levels left.
You didn't know any spells.
Your spell library contained the following spells:

 Spells                   Type           Power        Failure   Level
 Beastly Appendage        Tmut           24%          13%         1
 Magic Dart               Conj           48%          13%         1
 Searing Ray              Conj           24%          21%         2
 Wereblood                Tmut           12%          21%         2
 Dazzling Flash           Conj/Hex       24%          36%         3
 Spider Form              Tmut/Pois      6%           36%         3
 Fulminant Prism          Conj/Hex       6%           78%         4
 Ice Form                 Ice/Tmut       12%          78%         4
 Iskenderun's Mystic Bla  Conj/Tloc      12%          78%         4
 Blade Hands              Tmut           6%           98%         5


Dungeon Overview and Level Annotations

Branches:
Dungeon (8/15)             Temple (1/1) D:5
   Lair: D:8-11

Altars:
Ashenzari
Dithmenos
Elyvilon
Fedhas
Gozag
Hepliaklqana
Makhleb
Nemelex Xobeh
Okawaru
Qazlal
Sif Muna
Trog
Uskayaw
Vehumet
Wu Jian
Xom
Yredelemnul
Zin
The Shining One

Annotations:
D:8 Erica


Innate Abilities, Weirdness & Mutations

Your experience applies equally to all skills.
You have very sharp teeth.
Your uncanny sense of smell can sniff out nearby items.


Message History

Aim: Erica, wielding a +3 scimitar of flaming, wearing a +0 robe and carrying a wand of acid (5) (chance to affect: 28%) Erica easily resists.
Erica points at herself and mumbles some strange words.
Erica flickers and vanishes!
Deactivating autopickup; reactivate with Ctrl-A.
Unknown command.
Aiming: Paralyse
Press: ? - help, Shift-Dir - straight line Nothing appears to happen.
Something hits you. Something burns you.
Unknown command.
You hit something.
You hear a zap.
A bolt of acid appears from out of thin air!
The bolt of acid hits you! The acid corrodes you!
You are splashed with acid!
You closely miss something. You bite something. Something hits you.
Something burns you.
You closely miss something. You hit something but do no damage.
You bite something. You barely miss something.
You hear a zap.
A bolt of acid appears from out of thin air!
The bolt of acid hits you!
You are splashed with acid!
* * * LOW HITPOINT WARNING * * *
You hit something but do no damage. You bite something. Something hits you.
* * * LOW HITPOINT WARNING * * *
Something burns you.
* * * LOW HITPOINT WARNING * * *
You miss something. You miss something. Something hits you!
* * * LOW HITPOINT WARNING * * *
Something burns you.
* * * LOW HITPOINT WARNING * * *
You miss something. You bite something.
You hear some strange, mumbled words.
Something tries to affect you, but you resist.
You closely miss something. Something hits you!
* * * LOW HITPOINT WARNING * * *
Something burns you.
You die...
Your body crumbles into a pile of gold.

###.#.#.#.#######.#######.#
# #.#.#.#.................#
#####.#.#.#######.#######.#
......#.#.#.....#.# ###
#####...........#.#
###...........#
#####.####### #.#...<#
#.####@# #.####{###
#........# ########.# ###


There were no monsters in sight!

Vanquished Creatures
  Pikel (D:4)
  Grinder (D:3)
  A wyvern (D:8)
  Menkaure (D:7)
  Duvessa (D:7)
  A black bear (D:7)
  A necrophage (D:8)
  An orc warrior (D:3)
  2 ogres
  2 centaurs (D:7)
  3 sky beasts
  A phantom (D:3)
  2 kobold brigands (D:7)
  A bullfrog (D:6)
  Blork the orc (D:5)
  Dowan (D:7)
  A scorpion (D:7)
  3 killer bees (D:7)
  An electric eel (D:7)
  3 wights (D:7)
  A howler monkey (D:8)
  4 hounds
  A jelly (D:7)
  7 orc priests
  Ijyb (D:3)
  Jessica (D:7)
  9 orc wizards
  2 worker ants
  A killer bee zombie (D:7)
  A hound skeleton (D:6)
  4 gnolls
  A howler monkey skeleton (D:6)
  9 adders
  A shadow imp (D:6)
  2 white imps
  An ufetubus (D:6)
  2 worms
  2 dart slugs
  7 leopard geckos
  24 orcs
  5 bats
  5 giant cockroaches
  8 goblins
  4 hobgoblins
  10 jackals
  19 kobolds
  5 quokkas
  9 frilled lizards
  A jackal skeleton (D:4)
  A leopard gecko skeleton (D:4)
  9 rats
186 creatures vanquished.

Vanquished Creatures (others)
  32 plants (D:5)
32 creatures vanquished.

Grand Total: 218 creatures vanquished

Notes
Turn   | Place    | Note
-------+----------+-------------------------------------------
     0 | D:1      | gruber the Gnoll Wanderer began the quest for the Orb.
     0 | D:1      | gruber set off with the following items: a +2 hand
                  | crossbow, 16 bolts, a +0 ring mail, a potion of curing
     0 | D:1      | Reached XP level 1. HP: 20/20 MP: 1/1
   138 | D:1      | Reached XP level 2. HP: 26/26 MP: 2/2
   518 | D:1      | Reached XP level 3. HP: 31/31 MP: 3/3
   967 | D:2      | Reached skill level 1 in Invocations
  1344 | D:2      | Reached skill level 1 in Short Blades
  1344 | D:2      | Reached skill level 1 in Long Blades
  1344 | D:2      | Reached skill level 1 in Axes
  1344 | D:2      | Reached skill level 1 in Maces & Flails
  1344 | D:2      | Reached skill level 1 in Polearms
  1344 | D:2      | Reached skill level 1 in Staves
  1344 | D:2      | Reached skill level 1 in Slings
  1344 | D:2      | Reached skill level 1 in Throwing
  1344 | D:2      | Reached skill level 1 in Dodging
  1344 | D:2      | Reached skill level 1 in Shields
  1344 | D:2      | Reached skill level 1 in Unarmed Combat
  1344 | D:2      | Reached skill level 1 in Spellcasting
  1721 | D:2      | Reached XP level 4. HP: 34/38 MP: 5/5
  2035 | D:3      | Found a radiant altar of Vehumet.
  2128 | D:3      | Found a white marble altar of Elyvilon.
  2210 | D:3      | Reached skill level 1 in Conjurations
  2210 | D:3      | Reached skill level 1 in Hexes
  2210 | D:3      | Reached skill level 1 in Summonings
  2210 | D:3      | Reached skill level 1 in Necromancy
  2210 | D:3      | Reached skill level 1 in Translocations
  2210 | D:3      | Reached skill level 1 in Transmutations
  2210 | D:3      | Reached skill level 1 in Fire Magic
  2210 | D:3      | Reached skill level 1 in Ice Magic
  2210 | D:3      | Reached skill level 1 in Air Magic
  2210 | D:3      | Reached skill level 1 in Earth Magic
  2210 | D:3      | Reached skill level 1 in Poison Magic
  2263 | D:3      | Noticed Grinder
  2619 | D:4      | Reached XP level 5. HP: 16/43 MP: 5/7
  3243 | D:4      | Noticed Pikel
  3243 | D:4      | Noticed a lemure
  3243 | D:4      | Noticed a lemure
  3243 | D:4      | Noticed a lemure
  3243 | D:4      | Noticed a lemure
  3296 | D:4      | Killed Pikel
  3297 | D:4      | Reached skill level 5 in Fighting
  3297 | D:4      | Reached skill level 5 in Bows
  3297 | D:4      | Reached skill level 5 in Crossbows
  3297 | D:4      | Reached skill level 5 in Armour
  3297 | D:4      | Reached XP level 6. HP: 7/51 MP: 7/9
  3297 | D:4      | Reached XP level 7. HP: 7/56 MP: 7/10
  3844 | D:5      | Entered Level 5 of the Dungeon
  4109 | D:3      | Noticed Ijyb
  4124 | D:3      | Killed Ijyb
  4751 | D:3      | Found a burning altar of Makhleb.
  4752 | D:3      | Found a bloodstained altar of Trog.
  4754 | D:3      | Found an iron altar of Okawaru.
  4792 | D:3      | Paralysed by Grinder for 2 turns
  4794 | D:3      | Killed Grinder
  4795 | D:3      | Reached XP level 8. HP: 39/63 MP: 12/12
  6539 | D:5      | Found a staircase to the Ecumenical Temple.
  6566 | D:5      | Noticed Blork the orc
  6574 | Temple   | Entered the Ecumenical Temple
  6980 | Temple   | Became a worshipper of Gozag Ym Sagoz the Greedy
  7009 | D:5      | Killed Blork the orc
  7583 | D:6      | Found an ornate altar of the Wu Jian Council.
  7646 | D:6      | Reached XP level 9. HP: 69/69 MP: 14/14
  8610 | D:7      | Reached skill level 5 in Evocations
  8958 | D:7      | Noticed Jessica
  8968 | D:7      | Killed Jessica
  8973 | D:7      | Found a shimmering blue altar of Sif Muna.
  9180 | D:7      | Noticed Duvessa
  9181 | D:7      | Noticed Dowan
  9197 | D:7      | Killed Duvessa
  9197 | D:7      | Killed Dowan
  9198 | D:7      | Reached skill level 5 in Stealth
 10101 | D:7      | Reached skill level 5 in Invocations
 10787 | D:7      | Noticed Menkaure
 10798 | D:7      | Killed Menkaure
 10799 | D:7      | Reached XP level 10. HP: 77/77 MP: 17/17
 11223 | D:8      | Noticed Erica
 11226 | D:8      | Reached skill level 5 in Short Blades
 11226 | D:8      | Reached skill level 5 in Long Blades
 11226 | D:8      | Reached skill level 5 in Axes
 11226 | D:8      | Reached skill level 5 in Maces & Flails
 11226 | D:8      | Reached skill level 5 in Polearms
 11226 | D:8      | Reached skill level 5 in Staves
 11226 | D:8      | Reached skill level 5 in Slings
 11226 | D:8      | Reached skill level 5 in Throwing
 11226 | D:8      | Reached skill level 5 in Dodging
 11226 | D:8      | Reached skill level 5 in Shields
 11226 | D:8      | Reached skill level 5 in Unarmed Combat
 11226 | D:8      | Reached skill level 5 in Spellcasting
 11520 | D:8      | HP: 3/77 [something (8)]
 11520 | D:8      | Slain by Erica

Illustrated notes

Levels and vault maps discovered:
D:1:      tarquinn_simple_flora_water_a, layout_basic
D:2:      layout_loops_ring, minmay_door_square
D:3:      layout_basic, elyvilon_altar_5, nicolae_overflow_hidden_temple,
          vehumet_crystals, uniq_grinder, uniq_ijyb
D:4:      layout_gridville, uniq_pikel
D:5:      layout_basic, minmay_temple_entry_slanted, serial_bayou_lagoon_a,
          uniq_blork_the_orc
D:6:      layout_cave_pools, pdpol_wu_jian_five_deadly_venoms,
          serial_column_ruins, column_ruins_hut, column_ruins_grid_1,
          column_ruins_grid_2, column_ruins_open_tiny,
          minmay_fractal_squares_gapless_5
D:7:      layout_cave_pods, minmay_crystal_water, tgw_sif, uniq_duvessa,
          uniq_menkaure
D:8:      layout_basic, uniq_erica
Temple:   eino_temple_rhombus

Skill      XL: |  1  2  3  4  5  6  7  8  9 10 |
---------------+-------------------------------+-----
Invocations    | 1 2 3 4 5 |  5.4
Short Blades   | 1 2 3 4 5 |  5.0
Long Blades    | 1 2 3 4 5 |  5.0
Axes           | 1 2 3 4 5 |  5.0
Maces & Flails | 1 2 3 4 5 |  5.0
Polearms       | 1 2 3 4 5 |  5.0
Staves         | 1 2 3 4 5 |  5.0
Slings         | 1 2 3 4 5 |  5.0
Throwing       | 1 2 3 4 5 |  5.0
Dodging        | 1 2 3 4 5 |  5.0
Shields        | 1 2 3 4 5 |  5.0
Unarmed Combat | 1 2 3 4 5 |  5.0
Spellcasting   | 1 2 3 4 5 |  5.0
Conjurations   | 1 2 3 4 |  4.1
Hexes          | 1 2 3 4 |  4.1
Summonings     | 1 2 3 4 |  4.1
Necromancy     | 1 2 3 4 |  4.1
Translocations | 1 2 3 4 |  4.1
Transmutations | 1 2 3 4 |  4.1
Fire Magic     | 1 2 3 4 |  4.1
Ice Magic      | 1 2 3 4 |  4.1
Air Magic      | 1 2 3 4 |  4.1
Earth Magic    | 1 2 3 4 |  4.1
Poison Magic   | 1 2 3 4 |  4.1
Evocations     | 3 4 5 |  5.6
Fighting       | 5 6 |  6.8
Bows           | 5 6 |  6.8
Crossbows      | 5 6 |  6.8
Armour         | 5 6 |  6.8
Stealth        | 3 4 5 |  5.5

Action                   |  1- 3 |  4- 6 |  7- 9 | 10-12 || total
-------------------------+-------+-------+-------+-------++-------
Melee: Short sword       |   125 |    16 |    68 |    10 ||   219
       Hand crossbow     |     6 |       |       |       ||     6
       Unarmed           |     1 |       |       |       ||     1
       Bite              |    16 |     6 |    41 |     5 ||    68
       Dagger            |       |    75 |   196 |       ||   271
       Rapier            |       |    12 |    19 |       ||    31
       Whip              |       |       |    18 |       ||    18
       Punch             |       |       |     5 |     1 ||     6
       Scimitar          |       |       |   125 |    19 ||   144
 Fire: Hand crossbow     |    29 |     4 |    33 |    17 ||    83
Invok: Potion Petition   |       |       |     1 |       ||     1
Evoke: Wand              |       |       |     3 |     3 ||     6
 Stab: Sleeping          |     2 |       |       |       ||     2
       Distracted        |     1 |       |     2 |       ||     3
       Invisible         |       |       |     1 |       ||     1
Armor: Ring mail         |    48 |    40 |    62 |       ||   150
       Scale mail        |       |       |    88 |     5 ||    93
Dodge: Dodged            |    80 |    58 |   273 |    22 ||   433
       Rpst.: Scimitar   |       |       |    26 |     4 ||    30

Table legend: (Time is in decaauts)
 A = Elapsed time spent in this place.
 B = Non-inter-level travel time spent in this place.
 C = Inter-level travel time spent in this place.
 D = Time resting spent in this place.
 E = Time spent auto-exploring this place.
 F = Levels seen in this place.
 G = Mean time per level.
                   A        B        C        D        E       F      G
               +--------+--------+--------+--------+--------+-----+--------+
         Total |  11539 |  11090 |    449 |    987 |   8266 |   9 | 1282.1 |
       Dungeon |  11122 |  10703 |    419 |    987 |   7893 |   8 | 1390.2 |
        Temple |    417 |    387 |     30 |      0 |    373 |   1 |  417.0 |
               +--------+--------+--------+--------+--------+-----+--------+

Top non-repeatable levels by time:
     D:7: 2694 daAuts
     D:4: 2649 daAuts
     D:3: 1522 daAuts
     D:2: 1082 daAuts
     D:6: 1014 daAuts
     D:1: 939 daAuts
     D:5: 812 daAuts
  Temple: 417 daAuts
     D:8: 406 daAuts
